 Dungeon Crawl Stone Soup version 0.30-a0-170-g85af917532 (webtiles) character file.

Game seed: 16299566094524872698

11670 Daunt the Basher (level 11, -5/92 HPs)
             Began as a Gnoll Reaver on Sept 30, 2022.
             Was a Believer of Ashenzari.
             Slain by an ice devil (11 damage)
             ... in an ice cave.
             The game lasted 01:30:54 (18130 turns).

Daunt the Basher (Gnoll Reaver)                    Turns: 18130, Time: 01:30:54

Health: -5/92      AC: 12    Str: 24    XL:     11   Next: 81%
Magic:  6/25       EV: 10    Int: 18    God:    Ashenzari [**....]
Gold:   643        SH:  5    Dex:  7    Spells: 10/31 levels left

rFire   + . .      SeeInvis +    a - +3 whip (vamp)
rCold   + . .      Faith    .    j - +0 buckler "Lashed Together" {Cun, Self} (curse)
rNeg    . . .      Spirit   .    E - +2 ring mail of the Bound Malaise {+Blink Str+8 Int+5 Dex-3, Self, Elem} (curse)
rPois   .          Reflect  .    (no helmet)
rElec   .          Harm     .    (no cloak)
rCorr   .          Rampage  .    (no gloves)
Will    .....                    G - +2 pair of boots of Ashenzari's Dismay {Fort, Melee} (curse)
Stlth   +++.......               (no amulet)
HPRegen 0.25/turn                s - ring "Prison of Ashenzari" {rC+, Elem, Cun} (curse)
MPRegen 0.19/turn                n - ring of protection from fire

@: constricted, studying Polearms
A: fangs 1, strong nose, distributed training
a: Renounce Religion, Evoke Blink, Curse Item, Shatter the Chains


You were in an ice cave.
You worshipped Ashenzari.
Ashenzari was pleased with you.
You visited 3 branches of the dungeon, and saw 13 of its levels.
You also visited: Sewer and Ice Cave.

You collected 643 gold pieces.

Inventory:

Hand Weapons
 a - a +3 vampiric whip (weapon)
 i - a +2 trident of protection
 S - a +3 war axe of freezing
 U - a +2 short sword of venom
Missiles
 f - 14 javelins
 J - 3 throwing nets
 M - 5 atropa-tipped darts
 N - 5 boomerangs of dispersal
 P - a curare-tipped dart
 Y - 26 poisoned darts
Armour
 j - the cursed +0 buckler "Lashed Together" (worn) {Cun, Self}
   (You found it on level 2 of the Dungeon)

   It has a curse which improves the following skills: Cunning: Dodging and
   Stealth.
   Introspection: Fighting and Spellcasting.
 E - the cursed +2 ring mail of the Bound Malaise (worn) {+Blink Str+8 Int+5 Dex-3, Self, Elem}
   (You found it on level 6 of the Dungeon)

   Str:       It affects your strength (+8).
   Int:       It affects your intelligence (+5).
   Dex:       It affects your dexterity (-3).
   +Blink:    It lets you blink.
   It has a curse which improves the following skills: Introspection: Fighting
   and Spellcasting.
   Elements:  Fire Magic, Ice Magic, Air Magic and Earth Magic.
 G - the cursed +2 pair of boots of Ashenzari's Dismay (worn) {Fort, Melee}
   (You found it on level 4 of the Dungeon)

   It has a curse which improves the following skills: Fortitude: Armour and
   Shields.
   Melee Combat: Short Blades, Long Blades, Axes, Maces & Flails, Polearms,
   Staves and Unarmed Combat.
 X - +0 acid dragon scales
Jewellery
 n - a ring of protection from fire (right hand)
 s - the cursed ring "Prison of Ashenzari" (left hand) {rC+, Elem, Cun}
   (You found it on level 2 of the Dungeon)

   [ring of protection from cold]

   rC:        It protects you from cold.
   It has a curse which improves the following skills: Elements: Fire Magic, Ice
   Magic, Air Magic and Earth Magic.
   Cunning:   Dodging and Stealth.
 K - a ring of resist corrosion
 Q - a ring of fire
 V - a ring of positive energy
Wands
 g - a wand of polymorph (3)
 v - a wand of acid (4)
 A - a wand of iceblast (8)
 D - a wand of digging (9)
 Z - a wand of paralysis (4)
Scrolls
 d - 2 scrolls of enchant weapon
 h - 3 scrolls of fear
 m - 2 scrolls of magic mapping
 r - a scroll of butterflies
 w - 2 scrolls of teleportation
 x - 3 scrolls of vulnerability
 y - a scroll of blinking
 O - a scroll of summoning
Potions
 c - 4 potions of mutation
 e - 2 potions of brilliance
 k - 6 potions of curing
 q - a potion of lignification
 t - a potion of might
 u - a potion of berserk rage
 z - 4 potions of flight
 C - a potion of ambrosia
 H - 2 potions of cancellation
 I - a potion of resistance
 L - 2 potions of attraction
 R - 2 potions of haste


   Skills:
 + Level 8.4(10.3) Fighting
 + Level 6.9(8.2) Short Blades
 + Level 6.9(8.2) Long Blades
 + Level 6.9(8.2) Axes
 + Level 9.6(10.8) Maces & Flails
 + Level 9.0(10.2) Polearms
 + Level 6.9(8.2) Staves
 + Level 6.9 Ranged Weapons
 + Level 6.9 Throwing
 + Level 6.9(8.2) Armour
 + Level 8.4(10.3) Dodging
 + Level 6.9(8.9) Stealth
 + Level 6.9(8.2) Shields
 + Level 6.9(8.2) Unarmed Combat
 + Level 8.6(10.5) Spellcasting
 + Level 8.0 Conjurations
 + Level 5.7 Hexes
 + Level 5.7 Summonings
 + Level 5.7 Necromancy
 + Level 5.7 Translocations
 + Level 5.7 Transmutations
 + Level 5.7(7.6) Fire Magic
 + Level 5.7(7.6) Ice Magic
 + Level 5.7(7.6) Air Magic
 + Level 5.7(7.6) Earth Magic
 + Level 5.7 Poison Magic
 + Level 7.5 Invocations
 + Level 6.9 Evocations


You had 10 spell levels left.
You knew the following spells:

 Your Spells              Type           Power      Damage    Failure   Level
a - Stone Arrow           Conj/Erth      74%        3d11      1%          3
h - Hailstorm             Conj/Ice       37%        3d9       1%          3
i - Summon Ice Beast      Ice/Summ       33%        N/A       9%          4
k - Kiss of Death         Conj/Necr      100%       2d13      1%          1
m - Momentum Strike       Conj/Tloc      68%        3d9       1%          2
p - Fulminant Prism       Conj/Hex       17%        3d11      8%          4
w - Flame Wave            Conj/Fire      37%        2d10      5%          4

Your spell library contained the following spells:

 Spells                   Type           Power      Damage    Failure   Level
 Apportation              Tloc           60%        N/A       1%          1
 Magic Dart               Conj           100%       1d8       1%          1
 Scorch                   Fire           74%        2d9       1%          2
 Searing Ray              Conj           76%        2d7       1%          2
 Gell's Gravitas          Tloc           30%        N/A       3%          3
 Portal Projectile        Hex/Tloc       60%        N/A       3%          3
 Teleport Other           Tloc           30%        N/A       3%          3
 Tukima's Dance           Hex            30%        N/A       3%          3
 Animate Armour           Summ/Erth      66%        N/A       9%          4
 Anguish                  Hex/Necr       15%        N/A       13%         4
 Alistair's Intoxication  Tmut/Pois      20%        N/A       34%         5
 Blade Hands              Tmut           15%        N/A       34%         5
 Summon Mana Viper        Hex/Summ       30%        N/A       34%         5
 Dispersal                Tloc           15%        N/A       89%         6
 Summon Cactus Giant      Summ           15%        N/A       89%         6
 Enfeeble                 Hex            15%        N/A       100%        7
 Monstrous Menagerie      Summ           15%        N/A       100%        7
 Lehudib's Crystal Spear  Conj/Erth      18%        10d6      100%        8


Dungeon Overview and Level Annotations

Branches:
Dungeon (11/15) Zot: 26541  Temple (1/1) D:6 Zot: 5947    Lair (1/5) D:10 Zot: 5824
  Sewer (visited)           IceCv (1/1) Zot: 3895
    Orc: D:9-12

Altars:
Ashenzari
Cheibriados
Dithmenos
Elyvilon
Fedhas
Gozag
Hepliaklqana
Kikubaaqudgha
Makhleb
Nemelex Xobeh
Okawaru
Qazlal
Ru
Sif Muna
Trog
Uskayaw
Vehumet
Wu Jian
Xom
Yredelemnul
Zin
The Shining One

Shops:
D:11 [

Annotations:
D:4 2 transporters, 1 runed translucent door, Crazy Yiuf; Darkkill's ghost, weakling DsHu
D:5 dig passwall


Innate Abilities, Weirdness & Mutations

You have very sharp teeth.
Your uncanny sense of smell can sniff out nearby items.
Your experience applies equally to all skills.


Message History

The ice devil freezes you! You resist.
You are engulfed in freezing vapours.
You resist.
You are engulfed in freezing vapours.
You resist.
An anaconda simulacrum comes into view.
You are engulfed in freezing vapours.
You resist.
Press: ? - help, v - describe, . - travel
Here: an ice devil (freezing vapour, lightly wounded, ally target)
The floor.
Unknown command.
Unknown command.
Unknown command.
Casting: Stone Arrow (safe; 1% risk of failure)
Confirm with . or Enter, or press ? or * to list all spells.
Okay, then.
Unknown command.
Casting: Stone Arrow (safe; 1% risk of failure)
Confirm with . or Enter, or press ? or * to list all spells.
Casting: Flame Wave (dangerous; 5% risk of failure)
Press: ? - help, Dir - look around, f - activate A wave of flame ripples out!
The flame wave engulfs the ice devil.
The ice devil is burned terribly!
The ice devil is lightly wounded.
You hear a sizzling sound! (Press . to intensify the flame waves.)
The anaconda simulacrum grabs you. The anaconda simulacrum bites you.
The anaconda simulacrum freezes you! You resist.
The anaconda simulacrum constricts you.
* * * LOW HITPOINT WARNING * * *
The ice devil hits you but does no damage.
Your ice beast hits the ice devil but does no damage.
Really fire at your ice beast?
Okay, then.
You stop channeling waves of flame.
The anaconda simulacrum bites you!
* * * LOW HITPOINT WARNING * * *
The anaconda simulacrum freezes you! You resist.
* * * LOW HITPOINT WARNING * * *
The anaconda simulacrum constricts you.
The anaconda simulacrum barely misses you.
The anaconda simulacrum constricts you. The ice devil hits you!
You die...

##..∩..## *,
#.......# *,
#...∩...# * *
##.....######* *, #
##...###.☼.## ...
##...##☼§.#.#.....
#...##☼§.○.........
#...###.§○##.......
##..@#☼§§○# .......
##.Z4Y°☼##*.......
##..##.# ,.###... ,
##..##### ,## ###
#..## * ..#* *
####..#### *....##*
##.#....#.##
#....#*
##.....4....## *
#...##
#............##
#...


You could see 2 ice devils, an anaconda simulacrum and a friendly ice beast
(summoned).

Vanquished Creatures
  7 ice devils (IceCv)
  An anaconda simulacrum (IceCv)
  A troll (D:10)
  4 hornets
  A slime creature (D:8)
  Sigmund (D:2)
  A dire elephant simulacrum (IceCv)
  4 wyverns
  4 yaks (Lair:1)
  A wraith (D:10)
  2 vampire mosquitoes (D:9)
  An acid dragon (D:10)
  3 death yak simulacra (IceCv)
  A hydra simulacrum (IceCv)
  2 floating eyes
  2 water moccasins
  4 orc warriors
  An ice beast (D:7)
  3 ogres
  A boggart (D:8)
  6 centaurs
  4 wolves (D:10)
  A phantom (D:4)
  4 kobold brigands
  4 bullfrogs
  2 gnoll sergeants
  4 scorpions
  2 cane toad simulacra (IceCv)
  9 wights
  7 killer bees
  2 elephant simulacra (IceCv)
  6 electric eels (D:10)
  2 howler monkeys (D:6)
  A jelly (D:7)
  7 orc priests
  6 hounds
  3 gnoll boudas
  7 iguanas
  9 orc wizards
  A spriggan simulacrum (IceCv)
  2 polar bear simulacra (IceCv)
  4 wolf simulacra (IceCv)
  29 gnolls
  3 adders
  3 naga simulacra (IceCv)
  2 shadow imps (D:8)
  A white imp (D:7)
  2 ufetubi
  A worm (D:2)
  4 dart slugs
  27 orcs
  6 bats
  4 endoplasms
  7 giant cockroaches
  6 goblins
  5 hobgoblins
  7 jackals
  3 quokkas (D:4)
  10 ball pythons
  8 kobolds
  11 rats
277 creatures vanquished.

Vanquished Creatures (collateral kills)
  A shadow (D:10)
  A cane toad simulacrum (IceCv)
  An ufetubus (IceCv)
3 creatures vanquished.

Vanquished Creatures (others)
  An ugly thing (D:6)
  2 ice devils (IceCv)
  2 wights (D:7)
  A gnoll bouda (D:8)
  An iguana (D:4)
  2 gnolls (D:5)
  2 adders
  An orc (D:6)
  A kobold (D:2)
  A quokka (D:2)
  7 fulminant prisms
  3 plants
24 creatures vanquished.

Grand Total: 304 creatures vanquished

Notes
Turn   | Place    | Note
-------+----------+-------------------------------------------
     0 | D:1      | Daunt the Gnoll Reaver began the quest for the Orb.
     0 | D:1      | Reached XP level 1. HP: 20/20 MP: 6/6
   445 | D:1      | Reached XP level 2. HP: 24/26 MP: 7/7
   561 | D:1      | Learned a level 2 spell: Momentum Strike
  1049 | D:2      | Noticed Sigmund
  1375 | D:2      | Killed Sigmund
  1376 | D:2      | Reached skill level 1 in Short Blades
  1376 | D:2      | Reached skill level 1 in Long Blades
  1376 | D:2      | Reached skill level 1 in Axes
  1376 | D:2      | Reached skill level 1 in Polearms
  1376 | D:2      | Reached skill level 1 in Staves
  1376 | D:2      | Reached skill level 1 in Ranged Weapons
  1376 | D:2      | Reached skill level 1 in Throwing
  1376 | D:2      | Reached skill level 1 in Armour
  1376 | D:2      | Reached skill level 1 in Stealth
  1376 | D:2      | Reached skill level 1 in Shields
  1376 | D:2      | Reached skill level 1 in Unarmed Combat
  1376 | D:2      | Reached skill level 5 in Spellcasting
  1376 | D:2      | Reached skill level 1 in Hexes
  1376 | D:2      | Reached skill level 1 in Summonings
  1376 | D:2      | Reached skill level 1 in Necromancy
  1376 | D:2      | Reached skill level 1 in Translocations
  1376 | D:2      | Reached skill level 1 in Transmutations
  1376 | D:2      | Reached skill level 1 in Fire Magic
  1376 | D:2      | Reached skill level 1 in Ice Magic
  1376 | D:2      | Reached skill level 1 in Air Magic
  1376 | D:2      | Reached skill level 1 in Earth Magic
  1376 | D:2      | Reached skill level 1 in Poison Magic
  1376 | D:2      | Reached skill level 1 in Invocations
  1376 | D:2      | Reached skill level 1 in Evocations
  1376 | D:2      | Reached XP level 3. HP: 7/32 MP: 2/9
  1376 | D:2      | Reached XP level 4. HP: 8/38 MP: 2/11
  1376 | D:2      | Reached XP level 5. HP: 9/43 MP: 2/12
  2623 | D:3      | Reached XP level 6. HP: 45/50 MP: 11/13
  2635 | D:3      | Reached skill level 5 in Fighting
  2635 | D:3      | Reached skill level 5 in Dodging
  3079 | D:4      | Found a transporter.
  3235 | D:4      | Found a glowing drain.
  3268 | Sewer    | Entered a sewer
  3367 | Sewer    | Reached XP level 7. HP: 33/56 MP: 15/15
  3506 | Sewer    | Found a white marble altar of Elyvilon.
  3512 | Sewer    | Became a worshipper of Elyvilon the Healer
  3519 | Sewer    | Fell from the grace of Elyvilon
  3523 | Sewer    | Became a worshipper of Elyvilon the Healer
  3524 | Sewer    | Fell from the grace of Elyvilon
  3929 | D:4      | Noticed Darkkill's ghost (weakling DsHu)
  4008 | D:4      | Found a transporter.
  4157 | D:4      | Learned a level 3 spell: Stone Arrow
  4571 | D:4      | Found a runed translucent door.
  4572 | D:4      | Noticed Crazy Yiuf
  4645 | D:5      | Entered Level 5 of the Dungeon
  5415 | D:5      | Found a white marble altar of Elyvilon.
  5416 | D:5      | Found a glowing golden altar of the Shining One.
  5416 | D:5      | Found a glowing silver altar of Zin.
  5995 | D:6      | Reached XP level 8. HP: 63/63 MP: 2/16
  6661 | D:6      | Found a staircase to the Ecumenical Temple.
  6670 | Temple   | Entered the Ecumenical Temple
  6717 | Temple   | Became a worshipper of Ashenzari the Shackled
  7268 | D:6      | Noticed a white ugly thing
  7280 | D:6      | Killed a white ugly thing
  8151 | D:6      | Identified the +2 ring mail of Youthful Indiscretion
                  | {+Blink Str+8 Int+5 Dex-3}
  8467 | D:7      | Reached XP level 9. HP: 62/68 MP: 14/18
  8480 | D:7      | Identified the +0 leather armour of Sunlight {-Tele rPois
                  | rF++ Str+3}
  8859 | D:7      | Found an iron altar of Okawaru.
  9170 | D:7      | Reached * piety under Ashenzari
  9284 | D:7      | Found a shimmering blue altar of Sif Muna.
  9285 | D:7      | Found a radiant altar of Vehumet.
  9286 | D:7      | Found a sparkling altar of Nemelex Xobeh.
  9296 | D:7      | Found a basalt altar of Yredelemnul.
  9879 | D:8      | Noticed a hornet
  9889 | D:8      | Paralysed by a hornet for 1 turns
  9896 | D:7      | Killed a hornet
  9897 | D:7      | Reached skill level 5 in Polearms
 10327 | D:8      | Reached skill level 5 in Invocations
 11346 | D:9      | Found an opulent altar of Gozag.
 11515 | D:9      | Learned a level 4 spell: Flame Wave
 11517 | D:9      | Reached ** piety under Ashenzari
 11659 | D:9      | Reached skill level 5 in Short Blades
 11659 | D:9      | Reached skill level 5 in Long Blades
 11659 | D:9      | Reached skill level 5 in Axes
 11659 | D:9      | Reached skill level 5 in Staves
 11659 | D:9      | Reached skill level 5 in Ranged Weapons
 11659 | D:9      | Reached skill level 5 in Throwing
 11659 | D:9      | Reached skill level 5 in Armour
 11659 | D:9      | Reached skill level 5 in Stealth
 11659 | D:9      | Reached skill level 5 in Shields
 11659 | D:9      | Reached skill level 5 in Unarmed Combat
 11659 | D:9      | Reached skill level 5 in Evocations
 11659 | D:9      | Reached XP level 10. HP: 30/80 MP: 7/22
 12814 | D:9      | Paralysed by a floating eye for 2 turns
 12835 | D:9      | Paralysed by a floating eye for 4 turns
 13743 | D:10     | Entered Level 10 of the Dungeon
 14146 | D:10     | Found a staircase to the Lair.
 14164 | D:10     | Learned a level 4 spell: Fulminant Prism
 14253 | D:10     | Reached skill level 5 in Hexes
 14253 | D:10     | Reached skill level 5 in Summonings
 14253 | D:10     | Reached skill level 5 in Necromancy
 14253 | D:10     | Reached skill level 5 in Translocations
 14253 | D:10     | Reached skill level 5 in Transmutations
 14253 | D:10     | Reached skill level 5 in Fire Magic
 14253 | D:10     | Reached skill level 5 in Ice Magic
 14253 | D:10     | Reached skill level 5 in Air Magic
 14253 | D:10     | Reached skill level 5 in Earth Magic
 14253 | D:10     | Reached skill level 5 in Poison Magic
 14445 | D:10     | Reached XP level 11. HP: 86/87 MP: 17/24
 14757 | D:10     | Learned a level 4 spell: Summon Ice Beast
 14762 | D:10     | Learned a level 3 spell: Hailstorm
 15082 | D:10     | Found a burning altar of Makhleb.
 15383 | D:11     | Noticed a boulder beetle
 15497 | D:11     | Found Tuudios's Antique Armour Boutique.
 15836 | Lair:1   | Entered Level 1 of the Lair of Beasts
 15943 | Lair:1   | Found a frozen archway.
 16016 | IceCv    | Entered an ice cave
 18130 | IceCv    | Slain by an ice devil

Illustrated notes

Levels and vault maps discovered:
D:1:      spicycebolla_green_bress_n_ham_2, layout_basic
D:2:      layout_basic, uniq_sigmund
D:3:      layout_basic, serial_corexii_hall, corexii_hall_statues_x,
          corexii_hall_statues_t, corexii_hall_statues_l,
          corexii_hall_statues_l, corexii_hall_statues_deadend,
          corexii_hall_statues_l, minmay_shallow_snake_nest
D:4:      layout_loops_cross, gup_sewer_entry_pipe, gammafunk_ghost_arena,
          hex_medium, roderic_lattice_a, minmay_liquid_box,
          uniq_crazy_yiuf_cottage
D:5:      layout_rooms, dreamdust_divine_triumvirate,
          minmay_misc_feat_more_columns, due_unseen_surprise
D:6:      layout_gridville, minmay_temple_entry_sparse_star, minmay_manual_mess
D:7:      layout_basic, mainiacjoe_overflow_small_starburst,
          kennysheep_okawaru_gauntlet,
          chequers_temple_overflow_statue_of_worship
D:8:      layout_rooms, enter_bailey_8, minmay_misc_feat_tiny,
          kennysheep_just_a_vault
D:9:      layout_grid_maze, nicolae_gozag_seed_capital, onia_ninara_cookie
D:10:     layout_irregular_city, lightli_temple_of_fire, erik_lair_island
D:11:     layout_cave_pools, serial_shops, nicolae_shop_stone
Temple:   nicolae_temple_ecumenical_triangle
Lair:1:   layout_loops_ring, portal_ice_cave_entry_pillars_2, lemuel_fruit_tree,
          serial_bayou_shore_a
IceCv:    ice_cave_small_necro

Skill      XL: |  1  2  3  4  5  6  7  8  9 10 11 |
---------------+----------------------------------+-----
Short Blades   | 1 2 3 5 6 |  6.9
Long Blades    | 1 2 3 5 6 |  6.9
Axes           | 1 2 3 5 6 |  6.9
Polearms       | 1 2 3 5 7 9 |  9.0
Staves         | 1 2 3 5 6 |  6.9
Ranged Weapons | 1 2 3 5 6 |  6.9
Throwing       | 1 2 3 5 6 |  6.9
Armour         | 1 2 3 5 6 |  6.9
Stealth        | 1 2 3 5 6 |  6.9
Shields        | 1 2 3 5 6 |  6.9
Unarmed Combat | 1 2 3 5 6 |  6.9
Spellcasting   | 5 6 7 8 |  8.6
Hexes          | 1 2 3 4 5 |  5.7
Summonings     | 1 2 3 4 5 |  5.7
Necromancy     | 1 2 3 4 5 |  5.7
Translocations | 1 2 3 4 5 |  5.7
Transmutations | 1 2 3 4 5 |  5.7
Fire Magic     | 1 2 3 4 5 |  5.7
Ice Magic      | 1 2 3 4 5 |  5.7
Air Magic      | 1 2 3 4 5 |  5.7
Earth Magic    | 1 2 3 4 5 |  5.7
Poison Magic   | 1 2 3 4 5 |  5.7
Invocations    | 1 2 3 4 5 6 7 |  7.5
Evocations     | 1 2 3 5 6 |  6.9
Fighting       | 5 6 7 8 |  8.4
Dodging        | 5 6 7 8 |  8.4
Maces & Flails | 7 8 9 |  9.6
Conjurations   | 6 7 8 |  8.0

Action                   |  1- 3 |  4- 6 |  7- 9 | 10-12 || total
-------------------------+-------+-------+-------+-------++-------
Melee: Mace              |    54 |    11 |       |       ||    65
       Bite              |     6 |    19 |    33 |     9 ||    67
       Punch             |     1 |     4 |       |       ||     5
       Whip              |       |   215 |   420 |   183 ||   818
       Spear             |       |       |     1 |       ||     1
Throw: Javelin           |       |     2 |       |       ||     2
       Stone             |       |     1 |     1 |     1 ||     3
 Cast: Kiss of Death     |     2 |       |     3 |       ||     5
       Momentum Strike   |       |     7 |    26 |     3 ||    36
       Stone Arrow       |       |       |    76 |   147 ||   223
       Flame Wave        |       |       |     1 |     9 ||    10
       Fulminant Prism   |       |       |       |     7 ||     7
       Summon Ice Beast  |       |       |       |    25 ||    25
       Hailstorm         |       |       |       |    11 ||    11
Invok: Renounce Religion |       |       |     2 |       ||     2
       Curse Item        |       |       |     3 |     1 ||     4
Evoke: Wand              |       |     1 |       |     4 ||     5
  Use: Scroll            |       |       |     2 |     1 ||     3
       Potion            |       |       |     1 |       ||     1
 Stab: Sleeping          |       |     2 |     2 |     1 ||     5
Armor: Leather armour    |    11 |    43 |    34 |       ||    88
       Ring mail         |       |       |    95 |    76 ||   171
Dodge: Dodged            |    39 |   124 |   239 |   108 ||   510
Block: Buckler           |       |       |    67 |    48 ||   115

Table legend: (Time is in decaauts)
 A = Elapsed time spent in this place.
 B = Non-inter-level travel time spent in this place.
 C = Inter-level travel time spent in this place.
 D = Time resting spent in this place.
 E = Time spent auto-exploring this place.
 F = Levels seen in this place.
 G = Mean time per level.
                   A        B        C        D        E       F      G
               +--------+--------+--------+--------+--------+-----+--------+
         Total |  17997 |  17386 |    611 |   8108 |   5457 |  15 | 1199.8 |
       Dungeon |  15292 |  14681 |    611 |   6309 |   5295 |  11 | 1390.2 |
        Temple |     52 |     52 |      0 |      0 |     25 |   1 |   52.0 |
          Lair |    175 |    175 |      0 |     45 |      0 |   1 |  175.0 |
         Sewer |    373 |    373 |      0 |    100 |    128 |   1 |  373.0 |
      Ice Cave |   2103 |   2103 |      0 |   1654 |      9 |   1 | 2103.0 |
               +--------+--------+--------+--------+--------+-----+--------+

Top non-repeatable levels by time:
   IceCv: 2103 daAuts
     D:7: 2021 daAuts
     D:5: 1866 daAuts
    D:10: 1762 daAuts
     D:6: 1751 daAuts
     D:9: 1726 daAuts
     D:8: 1543 daAuts
     D:4: 1284 daAuts
     D:2: 1126 daAuts
     D:1: 1072 daAuts
     D:3: 861 daAuts
   Sewer: 373 daAuts
    D:11: 274 daAuts
  Lair:1: 175 daAuts
  Temple: 52 daAuts
